← All builds
Pond / Legion / Economy first / OBSERVED BUILD

Standard pond

Legion Pond build order · Supreme Isthmus

Legion Pond builds its bot lab by 3:45, boosts front and tidals, then adds a shipyard around 8:25 and an advanced metal extractor by 9:11, transitioning into seaplane gunships and other bots to keep helping the front hold until team T2.

#eco #team support · 17 distinct matches · 9 players · 26% of Legion Pond games · team won 65% of 17 · Recently observed

HOW TO PLAY IT

Key timing: Legion Bot Lab by 3:23

  1. Open with a wall of tidals, planning to boost front hard.
  2. Add mex and wind, then build Legion Bot Lab for units.
  3. Keep stacking wind to pay the front's boost needs.
  4. Eat the Legion Bot Lab around 5:12 to fund more units.
  5. Build shipyard and Advanced Metal Extractor, transition into gunships and bots.

Phase by phase

TYPICAL OF ITS 17 GAMES
  1. 1
  2. 2
  3. 3
PLAY THE OPENING

Follow the example game's first 6:00 step by step: what to build now, what comes next, and where it goes. At 1× it keeps pace with your own game.

  1. 1

    Up to the Legion Bot Lab

    Economy
    • Metal Extractor4Mex
    • Tidal Generator8Tidalfor allies
    • Tidal Generator2Tidal
    • Wind Turbine1Wind
    Order
    1. Legion Bot LabLegion Bot Lab after 4 mex, 2 tidal, 1 winddone ~3:20, middle half 3:03–3:29

    Some games also: energy storage (47%)

    By 3:03 in all: 4 mex · 2 tidal · 1 wind

    The example game in this phase · 7 steps
    1. Tidal ×8for Suicide front
    2. Tidal ×2
    3. PolybolosPolybolos
    4. Wind
    5. Energy storage
    6. Mex ×4
    7. Legion Bot LabLegion Bot Labdone 3:25 · typical 3:20
  2. 2

    Legion Bot Lab to 5:00

    Economy
    • Wind Turbine4Wind
    Builders
    • Construction Turret1 Con turret
    • Legion Construction Bot4 Legion Construction Bot

    Some games also: Zagreus (41%) · energy storage (35%)

    By 5:00 in all: 4 mex · 9 wind · 2 tidal · 1 energy storage · 1 con turret

    The example game in this phase · 5 steps
    1. Legion Construction BotLegion Construction Bot
    2. Overcharged Metal Extractor
    3. Con turret
    4. Overcharged Metal Extractor ×2
    5. Wind
  3. 3

    5:00 to 10:00

    Economy
    • Wind Turbine49Wind
    • Energy Converter8Converter
    Order
    1. Legion Bot LabEat Legion Bot Lab in 53% of games
    Builders
    • Construction Turret2 Con turret
    • Legion Construction Bot3 Legion Construction Bot

    Some games also: Pharos (35%)

    By 10:00 in all: 4 mex · 51 wind · 2 tidal · 9 converter · 1 energy storage · 2 con turret

    The example game in this phase · 282 steps
    1. Legion Construction BotLegion Construction Bot
    2. Wind ×2
    3. Legion Construction BotLegion Construction Bot
    4. Wind ×2
    5. Overcharged Metal Extractor
    6. Legion Construction BotLegion Construction Bot
    7. Wind
    8. Con turret
    9. Wind ×3
    10. Converter
    11. Wind
    12. Converter
    13. Con turret
    14. Wind
    15. Converter
    16. Wind
    17. Converter
    18. Wind
    19. Converter
    20. Wind
    21. Converter
    22. Wind
    23. Con turret
    24. Wind
    25. Converter
    26. Wind ×2
    27. Converter
    28. Wind
    29. Energy storage
    30. Wind ×3
    31. Con turret
    32. HiveHive
    33. Wind ×6
    34. Con turret
    35. Wind ×4
    36. Legion DroneLegion Drone ×3
    37. Wind
    38. Legion Construction BotLegion Construction Bot
    39. HiveHive ×2
    40. Wind
    41. Legion DroneLegion Drone
    42. Wind
    43. Legion Construction BotLegion Construction Bot
    44. Wind ×2
    45. Legion DroneLegion Drone
    46. Wind ×2
    47. Legion DroneLegion Drone
    48. Wind
    49. HiveHive
    50. Legion DroneLegion Drone ×3
    51. Con turret
    52. Wind
    53. Legion DroneLegion Drone
    54. Wind ×3
    55. Legion DroneLegion Drone
    56. Wind ×2
    57. Legion DroneLegion Drone ×4
    58. HiveHive
    59. Wind
    60. Legion DroneLegion Drone ×3
    61. Advanced Metal ExtractorT2 mexdone 10:14 · typical 9:32
    62. Legion DroneLegion Drone
    63. Wind
    64. Legion DroneLegion Drone
    65. Wind
    66. Converter
    67. Legion DroneLegion Drone ×2
    68. Con turret
    69. Legion DroneLegion Drone
    70. Wind
    71. Legion DroneLegion Drone ×2
    72. Wind ×2
    73. Converter
    74. Legion DroneLegion Drone ×3
    75. Wind ×2
    76. HiveHive
    77. Advanced Metal ExtractorT2 mex
    78. Legion DroneLegion Drone ×3
    79. Converter
    80. Wind ×2
    81. Advanced Metal ExtractorT2 mex
    82. Legion DroneLegion Drone
    83. Converter
    84. Legion DroneLegion Drone ×2
    85. Wind
    86. Con turret
    87. Wind
    88. Legion DroneLegion Drone ×5
    89. Wind
    90. Legion DroneLegion Drone
    91. HiveHive
    92. Wind
    93. Legion DroneLegion Drone
    94. Advanced Metal ExtractorT2 mex
    95. Wind
    96. Legion DroneLegion Drone
    97. HiveHive
    98. Wind
    99. Legion DroneLegion Drone
    100. Wind ×2
    101. Legion DroneLegion Drone ×4
    102. Converter
    103. Legion Construction BotLegion Construction Bot
    104. Legion DroneLegion Drone
    105. Wind ×2
    106. Converter
    107. Wind ×2
    108. Converter
    109. Wind ×2
    110. NyxNyx
    111. Wind
    112. NyxNyx
    113. Legion DroneLegion Drone
    114. Wind ×2
    115. Converter
    116. Legion DroneLegion Drone
    117. Wind
    118. Legion DroneLegion Drone
    119. Converter
    120. Legion DroneLegion Drone
    121. Wind ×2
    122. Legion DroneLegion Drone ×2
    123. Converter
    124. Wind ×4
    125. Legion DroneLegion Drone
    126. Converter
    127. Wind
    128. Legion DroneLegion Drone
    129. Wind ×3
    130. Converter
    131. Wind
    132. Legion DroneLegion Drone
    133. HiveHive
    134. Wind
    135. Legion DroneLegion Drone ×4
    136. Wind
    137. Legion DroneLegion Drone
    138. Converter
    139. Wind ×4
    140. HiveHive
    141. Legion DroneLegion Drone
    142. Converter
    143. Legion DroneLegion Drone ×2
    144. Wind ×4
    145. Legion DroneLegion Drone
    146. Converter
    147. Legion DroneLegion Drone ×4
    148. Wind ×3
    149. Legion DroneLegion Drone ×4
    150. HiveHive
    151. Wind ×3
    152. Legion DroneLegion Drone
    153. Wind
    154. Legion DroneLegion Drone ×4
    155. Wind ×2
    156. HiveHive
    157. Con turret
    158. Legion DroneLegion Drone
    159. Converter
    160. Wind
    161. Legion DroneLegion Drone
    162. Wind
    163. Legion DroneLegion Drone ×5
    164. Wind
    165. Legion DroneLegion Drone
    166. Wind ×2
    167. Legion DroneLegion Drone
    168. Converter
    169. Wind
    170. Legion DroneLegion Drone ×2
    171. Wind
    172. Legion DroneLegion Drone
    173. Wind ×2
    174. Legion DroneLegion Drone ×2
    175. Converter
    176. Wind ×3
    177. Legion DroneLegion Drone ×3
    178. Wind
    179. Converter
    180. Wind
    181. Legion DroneLegion Drone ×2
    182. Wind
    183. Legion DroneLegion Drone ×2
    184. Wind
    185. Converter
    186. Wind
    187. Legion DroneLegion Drone ×2
    188. Wind
    189. Legion DroneLegion Drone ×2
    190. HiveHive
    191. Legion DroneLegion Drone ×3
    192. Con turret
    193. Legion DroneLegion Drone
    194. Wind
    195. Legion DroneLegion Drone
    196. Wind ×2
    197. Converter
    198. Wind
    199. Legion DroneLegion Drone ×2
    200. Wind
    201. Legion DroneLegion Drone
    202. Wind
    203. Legion DroneLegion Drone ×2
    204. Legion Construction BotLegion Construction Bot
    205. Legion DroneLegion Drone
    206. Wind
    207. Legion DroneLegion Drone ×2
    208. Converter
    209. Wind
    210. Legion DroneLegion Drone
    211. Wind
    212. Legion DroneLegion Drone
    213. Con turret
    214. Legion DroneLegion Drone
    215. Wind
    216. Legion DroneLegion Drone ×2
    217. Wind
    218. Legion DroneLegion Drone ×4
    219. Converter
    220. Wind ×2
    221. Legion DroneLegion Drone ×3
    222. Wind
    223. Con turret
    224. Legion DroneLegion Drone ×2
    225. Wind
    226. Converter
    227. Wind ×2
    228. Legion DroneLegion Drone ×5
    229. Wind
    230. Legion DroneLegion Drone ×3
    231. Wind ×2
    232. Legion DroneLegion Drone ×3
    233. HiveHive
    234. Wind
    235. Legion DroneLegion Drone
    236. Wind
    237. Legion DroneLegion Drone ×3
    238. Wind ×2
    239. Legion DroneLegion Drone ×4
    240. Wind ×2
    241. Legion DroneLegion Drone ×3
    242. Wind
    243. Converter
    244. Wind
    245. Legion DroneLegion Drone ×5
    246. Wind
    247. Legion DroneLegion Drone
    248. Con turret
    249. Legion DroneLegion Drone ×3
    250. Converter
    251. Wind
    252. Legion DroneLegion Drone
    253. Wind
    254. Legion DroneLegion Drone ×2
    255. Wind
    256. Legion DroneLegion Drone
    257. Con turret
    258. Legion DroneLegion Drone
    259. Converter
    260. Wind
    261. Legion DroneLegion Drone ×4
    262. Wind
    263. Legion DroneLegion Drone
    264. Wind
    265. Legion DroneLegion Drone ×2
    266. Converter
    267. Legion DroneLegion Drone ×2
    268. Wind ×2
    269. Legion DroneLegion Drone ×4
    270. Wind ×2
    271. Legion DroneLegion Drone ×2
    272. Converter
    273. Legion DroneLegion Drone
    274. Wind ×3
    275. Legion DroneLegion Drone
    276. Con turret
    277. Legion DroneLegion Drone ×4
    278. Wind ×3
    279. Legion DroneLegion Drone ×3
    280. Converter
    281. Legion DroneLegion Drone
    282. Wind

Counts are medians over the build's games: half of them build more, half fewer. The example game is Yamato's (33 OS, 16/08/2026); pick another.

Team trades

IN AT LEAST 30% OF ITS GAMES

You hand over

  • Tidal Generator8 Tidal to Suicide front or Frontfirst at 0:11 · in 94% of games

You get

  • Advanced Construction Bot1 T2 con bot from Tech or Geofirst at 7:53 · in 88% of games

How it plays out

Typical game of this build, running totals by minute

Metal produced

010k20k
0:005:0010:0015:00

metal

Enemy metal destroyed

02k4k6k
0:005:0010:0015:00

metal

Own metal lost

01k2k3k
0:005:0010:0015:00

metal

17 games.

Show as table
ByMetal produced: This buildEnemy metal destroyed: This buildOwn metal lost: This build
1:0011500
2:0027400
3:0078100
4:00145300
5:00212500
6:00313300
7:00423200
8:005327400
9:00666119030
10:008115378140
11:0010062648200
12:00123531015720
13:001508617201260
14:001732229281815
15:001949742432740
WHAT THE NUMBERS SAY

Standard pond play with the best win rate shown, built on heavy tidal boosting for front.

  • + Team won 71% of games, highest win rate among all standard builds shown.
  • − Produces the least metal of any role's standard build by 10:00 (7958).
THE EXAMPLE YOU ARE READING

Yamato

33.0 OS · 16/08/2026

Open source match ↗

2 received units · includes a constructor
417 metal received · 283151 energy received

Allied construction assistance is unknown. Timings are observations, not a promise of solo reproducibility.

Typical milestones

Legion Bot Lab3:20Middle 50%: 3:03–3:29 · n=16
Advanced Metal Extractor9:32Middle 50%: 8:06–9:44 · n=14

Played most by

Yamato4games of this buildBoozha3games of this buildViltrum3games of this buildKurosul2games of this buildDrSmack1game of this build